 Dungeon Crawl Stone Soup version 0.24-a0-93-ge1bfdf8 (console) character file.

Game seed: 6429040475409191424

3231 Voker57 the Carver (level 9, -1/70 HPs)
             Began as a Demonspawn Gladiator on Feb 11, 2019.
             Was an Initiate of Makhleb.
             Slain by a wraith (4 damage)
             ... on level 7 of the Dungeon.
             The game lasted 00:13:04 (10209 turns).

Voker57 the Carver (Demonspawn Gladiator)          Turns: 10209, Time: 00:13:04

Health: -1/70      AC: 11    Str: 16    XL:     9   Next: 66%
Magic:  11/11      EV: 15    Int:  9    God:    Makhleb [......]
Gold:   454        SH:  0    Dex: 17    Spells: 8/8 levels left

rFire    + . .     SeeInvis +   a - +1 long sword
rCold    + . .     Gourm    .   (no shield)
rNeg     . . .     Faith    .   p - +3 ring mail
rPois    .         Spirit   .   c - +1 helmet
rElec    .         Reflect  .   (no cloak)
rCorr    .         Harm     .   (no gloves)
MR       .....                  (no boots)
Stlth    +.........             (no amulet)
HPRegen  0.21/turn              k - ring of see invisible
MPRegen  0.12/turn              t - ring of protection from cold

@: slowed, very slow
A: fire resistance 1, sturdy frame 1
a: Renounce Religion


You were on level 7 of the Dungeon.
You worshipped Makhleb.
Makhleb was noncommittal.
You were hungry.

You visited 2 branches of the dungeon, and saw 8 of its levels.

You collected 454 gold pieces.

Inventory:

Hand Weapons
 a - a +1 long sword (weapon)
 d - a cursed +3 mace
 h - a cursed +3 mace of freezing
Armour
 b - a +0 leather armour
 c - a +1 helmet (worn)
 p - a +3 ring mail (worn)
Jewellery
 g - a cursed -2 ring of intelligence
 i - a cursed -3 ring of intelligence
 k - a ring of see invisible (left hand)
 l - a cursed ring of teleportation
 m - an uncursed ring of resist corrosion
 t - a ring of protection from cold (right hand)
Wands
 j - a wand of random effects (17)
 n - a wand of disintegration (19)
 v - a wand of polymorph (6)
Scrolls
 e - a scroll of random uselessness
 o - 2 scrolls of remove curse {unknown}
 q - a scroll of identify
 r - 2 scrolls of magic mapping
 y - a scroll of vulnerability {unknown}
Potions
 u - a potion of cancellation
 w - a potion of mutation {unknown}
 x - a potion of brilliance {unknown}
Comestibles
 f - 9 rations


   Skills:
 + Level 6.3 Fighting
 * Level 8.4 Long Blades
 - Level 1.7 Throwing
 + Level 5.2 Armour
 + Level 6.1 Dodging
 + Level 2.7 Invocations


You had 8 spell levels left.
You didn't know any spells.
Your spell library was empty.

Dungeon Overview and Level Annotations

Branches:
Dungeon (7/15)             Temple (1/1) D:5

Altars:
Ashenzari
Cheibriados
Dithmenos
Elyvilon
Fedhas
Gozag
Hepliaklqana
Makhleb
Nemelex Xobeh
Okawaru
Qazlal
Ru
Sif Muna
Trog
Uskayaw
Vehumet
Wu Jian
Yredelemnul
Zin
The Shining One

Shops:
D:4 :


Innate Abilities, Weirdness & Mutations

Your flesh is heat resistant. (rF+)
Your movements are slightly less encumbered by armour. (ER -2)


Message History

You hit the wraith but do no damage.
The wraith is lightly damaged.
The wraith hits you.
* * * LOW HITPOINT WARNING * * *
The wraith drains your vigour!
You feel yourself slow down.
You hit the wraith but do no damage.
The wraith is lightly damaged.
The wraith misses you.
You riposte.
You barely miss the wraith.
The wraith is lightly damaged.
The wraith closely misses you.
You closely miss the wraith.
The wraith is lightly damaged.
The wraith hits you.
* * * LOW HITPOINT WARNING * * *
The wraith drains your vigour!
You feel as though you will be slow longer.
You hit the wraith.
The wraith is moderately damaged.
The wraith hits you.
You die...

..######
#...............
..##...# #..............
..##...###..............
.........'.........#####
..##...###...........##
..##[..# ##....#####..#
.(##..## ###########.#
####..# #.##8.# .....[#
+#+#+#+#'###(# ......#
.......@..'..# ......#
+#+#+#W#'##### ......#
#.#.# ......##### #####
..........# ###.#######
.##.# .##.# ....# .####


You could see a wraith.

Vanquished Creatures
  A hippogriff (D:7)
  Eustachio (D:4)
  Duvessa (D:6)
  2 ice beasts
  2 orc warriors
  A black bear (D:6)
  An ogre (D:4)
  2 centaurs (D:5)
  A phantom (D:4)
  A big kobold (D:7)
  An elf zombie (D:7)
  5 bullfrogs
  Blork the orc (D:6)
  Dowan (D:6)
  3 scorpions
  3 killer bees (D:7)
  5 wights (D:4)
  2 howler monkeys (D:7)
  2 crimson imps (D:5)
  4 orc priests
  3 hounds
  4 orc wizards
  A centaur skeleton (D:4)
  A bullfrog skeleton (D:5)
  2 worker ants
  Natasha (thrice) (D:4)
  A human skeleton (D:7)
  Robin (D:2)
  A worker ant zombie (D:7)
  10 adders
  2 oozes (D:1)
  An adder skeleton (D:5)
  An adder zombie (D:7)
  5 worms
  3 dart slugs
  5 leopard geckos
  24 orcs
  10 bats
  6 giant cockroaches
  11 hobgoblins
  14 jackals
  A ball python (D:1)
  3 frilled lizards
  19 goblins
  8 kobolds
  A quokka skeleton (D:5)
  8 rats
189 creatures vanquished.

Notes
Turn   | Place    | Note
-------+----------+-------------------------------------------
     0 | D:1      | Voker57 the Demonspawn Gladiator began the quest for the
                  | Orb.
     0 | D:1      | Reached XP level 1. HP: 16/16 MP: 1/1
    92 | D:1      | Reached skill level 3 in Long Blades
   100 | D:1      | Gained mutation: Your movements are slightly less
                  | encumbered by armour. (ER -2) [demonic ancestry]
   100 | D:1      | Reached XP level 2. HP: 22/22 MP: 2/2
   490 | D:1      | Reached XP level 3. HP: 20/28 MP: 3/3
  1319 | D:2      | Noticed Robin
  1321 | D:2      | Reached skill level 1 in Armour
  1338 | D:2      | Reached XP level 4. HP: 16/34 MP: 4/4
  1744 | D:2      | Killed Robin
  1929 | D:2      | Found a glowing silver altar of Zin.
  1929 | D:2      | Found a shadowy altar of Dithmenos.
  2016 | D:2      | Found an opulent altar of Gozag.
  2295 | D:2      | Reached skill level 4 in Long Blades
  2295 | D:2      | Reached XP level 5. HP: 14/40 MP: 5/5
  3175 | D:3      | Found a snail-covered altar of Cheibriados.
  3569 | D:3      | Reached XP level 6. HP: 44/47 MP: 6/6
  3961 | D:4      | Noticed Eustachio
  3996 | D:4      | Killed Eustachio
  3996 | D:4      | Reached skill level 5 in Long Blades
  4171 | D:4      | Found a burning altar of Makhleb.
  4171 | D:4      | Noticed a green death
  4200 | D:4      | Noticed a ynoxinul
  4200 | D:4      | Noticed a smoke demon
  4257 | D:4      | Noticed Natasha
  4265 | D:4      | Killed Natasha
  4365 | D:4      | Reached XP level 7. HP: 18/53 MP: 7/7
  4410 | D:4      | Found Isuk's Book Boutique.
  5063 | D:4      | Noticed Natasha
  5073 | D:4      | Killed Natasha
  5472 | D:4      | Noticed Natasha
  5477 | D:4      | Killed Natasha
  5477 | D:4      | Reached skill level 6 in Long Blades
  5525 | D:4      | Gained mutation: Your flesh is heat resistant. (rF+)
                  | [demonic ancestry]
  5525 | D:4      | Reached XP level 8. HP: 7/61 MP: 8/8
  5870 | D:5      | Entered Level 5 of the Dungeon
  6099 | D:5      | Noticed a moth of wrath
  6102 | D:5      | Found a bloodstained altar of Trog.
  6232 | D:5      | Found a staircase to the Ecumenical Temple.
  6247 | D:5      | Reached skill level 5 in Fighting
  6247 | D:5      | Reached skill level 5 in Dodging
  6699 | D:5      | Reached skill level 7 in Long Blades
  7312 | D:6      | Reached XP level 9. HP: 17/68 MP: 9/9
  7560 | D:6      | Noticed Duvessa
  7562 | D:6      | Noticed Dowan
  7583 | D:6      | Killed Duvessa
  7592 | D:6      | Killed Dowan
  8091 | D:6      | Noticed Blork the orc
  8100 | D:6      | Killed Blork the orc
  8659 | Temple   | Entered the Ecumenical Temple
  8915 | D:4      | Became a worshipper of Makhleb the Destroyer
  9049 | D:7      | Found a white marble altar of Elyvilon.
  9082 | D:7      | Reached skill level 1 in Invocations
  9431 | D:7      | Found a hazy altar of Hepliaklqana.
  9475 | D:7      | Reached skill level 8 in Long Blades
  9538 | D:7      | Reached skill level 5 in Armour
 10208 | D:7      | HP: 3/70 [wraith (3)]
 10209 | D:7      | Slain by a wraith

Levels and vault maps discovered:
D:1:      matt_arrival_diagonals, layout_basic, minmay_box_of_dots
D:2:      layout_rooms, grunt_gozag_breadcrumbs,
          gammafunk_temple_overflow_elements, guppyfry_early_orc_mine,
          uniq_robin
D:3:      layout_basic, kennysheep_slug_shrine
D:4:      layout_loops_corners, makhleb_altar_promises_db, first_ration,
          minmay_shop_grid_forest, kennysheep_dice, uniq_eustachio, uniq_natasha
D:5:      layout_cave_pools, tgw_trog, minmay_temple_entry_waves, minivault_4,
          st_stairs_5
D:6:      layout_basic, kennysheep_nub, uniq_duvessa, uniq_blork_the_orc
D:7:      layout_basic, lemuel_crystal_altar, basic_altar,
          lemuel_mausoleum_altar_kikubaaqudgha
Temple:   hc_temple_tempest_star

Skill      XL: |  1  2  3  4  5  6  7  8  9 |
---------------+----------------------------+-----
Long Blades    | 3 4 5 6 7 8 |  8.4
Dodging        | 3 4 5 6 |  6.1
Armour         | 1 2 3 4 5 |  5.2
Fighting       | 3 4 5 6 |  6.3
Invocations    | 2 |  2.7
Throwing       | |  1.7

Action                   |  1- 3 |  4- 6 |  7- 9 || total
-------------------------+-------+-------+-------++-------
Melee: Long sword        |   117 |   201 |   517 ||   835
Throw: Throwing net      |     1 |     5 |       ||     6
Evoke: Wand              |       |     1 |     2 ||     3
  Use: Scroll            |     6 |     6 |     3 ||    15
       Potion            |     3 |     1 |     7 ||    11
 Stab: Sleeping          |     2 |     2 |     2 ||     6
       Held in net/web   |       |     2 |       ||     2
  Eat: Chunk             |     2 |     9 |    16 ||    27
       Ration            |       |       |     1 ||     1
Armor: Leather armour    |    49 |    54 |       ||   103
       Ring mail         |       |       |   184 ||   184
       Skin              |       |       |    19 ||    19
Dodge: Dodged            |    97 |   171 |   386 ||   654
       Rpst.: Long sword |    36 |    53 |   112 ||   201

Table legend:
 A = Non-vault XP
 B = Vault XP
 C = Vault XP percentage of total XP
 D = Non-vault monster count
 E = Vault monster count
 F = Vault count percentage of total count
                 A         B        C        D         E       F
            +---------+---------+-------+---------+---------+-------
      Total |    3815 |     801 |  17.4 |     149 |      40 |  21.2
            +---------+---------+-------+---------+---------+-------
        D:1 |      42 |      10 |  19.2 |      21 |       5 |  19.2
        D:2 |     144 |      52 |  26.5 |      25 |      18 |  41.9
        D:3 |     128 |       4 |   3.0 |      18 |       1 |   5.3
        D:4 |     831 |     279 |  25.1 |      22 |       4 |  15.4
        D:5 |     951 |      18 |   1.9 |      28 |       7 |  20.0
        D:6 |     601 |     306 |  33.7 |      16 |       3 |  15.8
        D:7 |    1118 |     132 |  10.6 |      19 |       2 |   9.5
            +---------+---------+-------+---------+---------+-------
